Stum Diffle, chaotic male elven Rogue -------- --------------- ..(..... .........../...| |.....<| | -|------ ### ### ## #### # # # . #### ## | ### |....... ###------# ------- ##......I## |....| # |....+ |..>.| ------ Stum Diffle the Cutpurse Experience level: 4 Strength: 15 Dexterity: 19 Constitution: 12 Intelligence: 12 Wisdom: 9 Charisma: 9 Health: 0(29) Energy: 17(17) Def: 4 Gold: 437 Moves: 3579 Dungeon seed: n-Y0jYp_B5aFUout Game ID: Stum Diffle_1491956854 Your Inventory: Coins $ - 437 gold pieces Weapons a - an uncursed +0 elven short sword (weapon in hand) b - 12 uncursed +0 elven daggers (in quiver) Armor e - an uncursed +1 leather armor (being worn) q - an uncursed +0 orcish helm (being worn) Scrolls l - a cursed scroll of enchant weapon t - an uncursed scroll of water u - an uncursed scroll of scare monster y - an uncursed scroll of create monster B - an uncursed scroll of identify I - an uncursed scroll of stinking cloud Potions c - an uncursed potion of sickness j - an uncursed potion of oil m - an uncursed potion of healing o - a blessed potion of object detection p - a cursed potion of extra healing z - an uncursed potion of paralysis Wands h - an uncursed wand of opening (0:3) s - an uncursed wand of undead turning (0:6) x - an uncursed wand of make invisible (0:4) D - an uncursed wand of light (0:12) Tools d - an uncursed lock pick f - an uncursed sack g - an uncursed blindfold k - an uncursed mirror F - an uncursed crystal ball (0:2) Gems n - an uncursed worthless piece of yellow glass Spells and supernatural/magical abilities: Name Level Category Fail Memory W - pray for help -- divine ? -- Your skills at the end: Miscellaneous Skills wands [Basic] stealth [Basic] Weapon Skills dagger [Basic] short sword [Basic] Spellcasting Skills Final Attributes: You were piously aligned. You were sleep resistant. You had infravision. You were stealthy. You aggravated monsters. You were lucky. You are dead. Vanquished creatures: a housecat a water nymph a fog cloud a gnome lord a puppy a kitten an iguana a jitterbug a large kobold 4 geckos 4 hobgoblins a yellow mold 2 green molds 3 garter snakes 3 jackals a fox a kobold 6 newts 3 sewer rats 3 grid bugs 5 lichens 3 kobold zombies 48 creatures vanquished. Voluntary challenges: You did not adorn yourself with jewelry or accessories. You did not cause conflict. You were not invisible. You did not have reflection. You were not displaced. You were an atheist. You used a wielded weapon 53 times, starting on turn 19. You did not apply a unicorn horn. You did not use sinks. You were illiterate. You never genocided any monsters. You never polymorphed an object. You never changed form. You used no wishes. You never split a pudding. You never wrote Elbereth's name. You never violated your personal moral code. Dungeon overview: The Dungeons of Doom: levels 1 to 6 Level 1 a long staircase Level 2 a fountain, a sink Level 3 a long staircase Level 4 Level 5 Level 6 <- You were here History has recorded: On T:1 you entered the Dungeons of Doom to retrieve the Amulet of Yendor! On T:405 you advanced to experience level 2. On T:559 you reached level 2 of The Dungeons of Doom. On T:806 you advanced to experience level 3. On T:1124 you reached level 3 of The Dungeons of Doom. On T:1996 you reached level 4 of The Dungeons of Doom. On T:2261 you advanced to experience level 4. On T:2490 you reached level 5 of The Dungeons of Doom. On T:3107 you reached level 6 of The Dungeons of Doom. Score breakdown: Gold: 437 ( 43 points) Experience: 4 levels ( 300 points) Exploration: 6 levels ( 150 points) Discoveries: 18 items ( 900 points) Variety of kills: 22 monsters ( 1100 points) Major goal: (nothing yet) ( 0 points) Survival: died (score multiplied by 3) Total score: 7479 Latest messages: Never mind. Your wallet contains 437 zorkmids. You see here a large box. You succeed in picking the lock. You carefully open the large box... I - a labeled XIXAXA XOXAXA XUXAXA. The door opens. You faint from lack of food. You come to. You faint from lack of food. Something claws you! (5x) You come to. That command is only available in debug mode. You stab the paper golem. The paper golem claws you! You faint from lack of food. Something claws you! (12x) You die... The sack is empty. The sack is empty. Final status: Goodbye Stum Diffle the Rogue, killed by a paper golem, while fainted from lack of food... You died in The Dungeons of Doom on dungeon level 6 with 7479 points, and 437 pieces of gold, after 3579 moves. You were level 4 with a maximum of 29 hit points when you died.